 Dungeon Crawl Stone Soup version 0.31-a0-1576-ga3383bade6 (webtiles) character file.

Game seed: 1623058506891510015

1269 Aldia the Caller (level 8, -2/36 (39) HPs)
             Began as a Felid Summoner on Jan 4, 2024.
             Was a Follower of Kikubaaqudgha.
             Asphyxiated
             ... on level 6 of the Dungeon.
             The game lasted 00:21:17 (6427 turns).

Aldia the Caller (Felid Summoner)                   Turns: 6427, Time: 00:21:17

HP:   -2/36 (39)    AC:  2    Str:  4    XL:     8   Next: 28%
MP:   17/17         EV: 17    Int: 21    God:    Kikubaaqudgha [*.....]
Gold: 390           SH:  0    Dex: 17    Spells: 0/18 levels left
                                        Lives: 0   Deaths: 3

rFire   + . .        (weapon unavailable)
rCold   . . .        (shield unavailable)
rNeg    . . .        (body armour unavailable)
rPois   .            (helmet unavailable)
rElec   .            (cloak unavailable)
rCorr   .            (gloves unavailable)
SInv    +            (boots unavailable)
Will    +....        (no amulet)
Stlth   ++           r - ring of flight
HPRegen 0.26/turn    s - ring of protection from fire
MPRegen 0.15/turn

%: no passive effects
@: lethally poisoned (-2 -> -15), flying, slowed, drained, inugami summoned,
very slow
A: very small, claws 1, fangs 3, see invisible, shaggy fur 2, stealthy paws, no
weapons or thrown items, no armour, multi-lived
a: Renounce Religion, Unearth Wretches


You were on level 6 of the Dungeon.
You worshipped Kikubaaqudgha.
Kikubaaqudgha was aware of your devotion.
You visited 2 branches of the dungeon, and saw 7 of its levels.

You collected 390 gold pieces.

Inventory:

Jewellery
 o - an amulet of guardian spirit
 r - a ring of flight (left paw)
 s - a ring of protection from fire (right paw)
Talismans
 e - a flux talisman
Wands
 g - a wand of iceblast (8)
 n - a wand of light (3)
 p - a wand of digging (5)
Scrolls
 c - a scroll of fear
 d - a scroll of noise
 h - a scroll of amnesia {unknown}
 j - a scroll of torment {unknown}
Potions
 a - a potion of magic
 b - a potion of attraction
 f - a potion of resistance {unknown}
 k - 2 potions of mutation
 l - a potion of haste {unknown}
 m - 2 potions of heal wounds


   Skills:
 + Level 2.4 Fighting
 - Level 2.6 Dodging
 - Level 2.6 Stealth
 + Level 5.5 Spellcasting
 + Level 7.0 Summonings
 + Level 0.1 Necromancy
 + Level 3.7 Fire Magic
 - Level 0.7 Air Magic
 + Level 2.4 Evocations


You couldn't memorise any spells.
You knew the following spells:

 Your Spells              Type           Power      Damage    Failure   Level
a - Summon Small Mammal   Summ           100%       N/A       1%          1
b - Call Imp              Summ           70%        N/A       1%          2
c - Call Canine Familiar  Summ           35%        N/A       1%          3
d - Summon Blazeheart Go  Fire/Summ      28%        N/A       11%         4
e - Summon Lightning Spi  Summ/Air       22%        N/A       21%         4
f - Animate Dead          Necr           6%         N/A       67%         4

Your spell library contained the following spells:

 Spells                   Type           Power      Damage    Failure   Level
 Kiss of Death            Conj/Necr      24%        2d7       10%         1
 Cigotuvi's Dreadful Rot  Necr/Alch/Air  14%        N/A       14%         2
 Sublimation of Blood     Necr           6%         N/A       14%         2
 Inner Flame              Hex/Fire       13%        N/A       14%         3
 Ensorcelled Hibernation  Hex/Ice        10%        N/A       16%         2
 Swiftness                Air            8%         N/A       22%         3
 Passwall                 Erth           5%         N/A       30%         3
 Sigil of Binding         Hex            5%         N/A       30%         3
 Tukima's Dance           Hex            5%         N/A       30%         3
 Flame Wave               Conj/Fire      13%        2d6       43%         4
 Sticky Flame             Fire/Alch      13%        2d5       43%         4
 Iskenderun's Mystic Bla  Conj/Tloc      5%         2d3       71%         4
 Passage of Golubria      Tloc           5%         N/A       71%         4
 Borgnjor's Vile Clutch   Necr/Erth      3%         N/A       95%         5
 Alistair's Intoxication  Alch           3%         N/A       96%         5
 Yara's Violent Unravell  Hex/Alch       2%         3d3       96%         5
 Eringya's Noxious Bog    Alch           2%         4d6       100%        6
 Dimensional Bullseye     Hex/Tloc       Unusable   N/A       N/A         4

Dungeon Overview and Level Annotations

Branches:
Dungeon (6/15)             Temple (1/1) D:6

Altars:
Ashenzari
Dithmenos
Elyvilon
Fedhas
Gozag
Hepliaklqana
Kikubaaqudgha
Makhleb
Nemelex Xobeh
Okawaru
Qazlal
Ru
Trog
Uskayaw
Vehumet
Wu Jian
Xom
Yredelemnul
Zin
The Shining One


Innate Abilities, Weirdness & Mutations

You have sharp claws.
You have razor-sharp teeth.
You have supernaturally acute eyesight. (SInv)
You are covered in thick fur. (AC +2)
Your paws help you pounce on unaware monsters.
You are incapable of wielding weapons or throwing items.
You cannot wear armour.
You gain extra lives every three experience levels.


Message History

You swap places.
You swap places.
There is an empty arch of ancient stone here.
You swap places.
The kobold brigand shouts!
The kobold brigand throws a curare-tipped dart.
The curare-tipped dart barely misses you.
The kobold brigand throws a curare-tipped dart.
The curare-tipped dart hits you.
You are poisoned.
You have difficulty breathing.
You feel yourself slow down.
You swap places.
You feel very sick.
Your bat disappears in a puff of smoke!
The kobold hits your inugami with a +0 whip.
The kobold brigand closely misses you.
You feel sick.
The kobold brigand completely misses your inugami.
You swap places.
You feel sick.
Your inugami seems less drained.
The kobold closely misses you.
The kobold brigand hits you with a +0 dagger of draining!
You feel drained. The kobold barely misses you.
The kobold brigand hits you with a +0 dagger of draining!
* * * LOW HITPOINT WARNING * * *
You feel drained.
* * * LOW HITPOINT WARNING * * *
Unknown command.
You swap places.
* * * LOW HITPOINT WARNING * * *
You feel sick.
Your cerulean imp disappears in a puff of smoke!
The kobold completely misses your inugami.
The kobold brigand throws a curare-tipped dart.
The curare-tipped dart barely misses your inugami.
The curare-tipped dart hits you.
You are lethally poisoned!
You have difficulty breathing.
You die...
Kikubaaqudgha rasps: "You have failed me!
Welcome... death!"

...............#
..........###### .
..........#...#
'###..........#._.#
....########..#...#
.... #..##.##
....########.K.#§#
..............K#§#
#..........KKh@# .
#..........###### .
#.................
.####.#####.........
......# #.........
...⌠..# #.........
......## ####......
.⌠.>.⌠.##### ......
...........# ......


You could see a kobold brigand, 3 kobolds and a friendly inugami (summoned).

Vanquished Creatures
  A water moccasin (D:6)
  A hound (D:5)
  An orc wizard (D:5)
  2 adders
  A dart slug (D:3)
  3 orcs
  2 ball pythons
  3 bats (D:1)
  3 endoplasms
  A goblin (D:3)
  3 hobgoblins
  2 frilled lizards
  2 kobolds
  4 rats
29 creatures vanquished.

Vanquished Creatures (collateral kills)
  A water moccasin (D:6)
  A black bear (D:4)
  A sky beast (D:5)
  2 phantoms
  A crimson imp (D:6)
  2 hounds
  An orc priest (D:3)
  A gnoll bouda (D:3)
  2 jellies
  A sleepcap (D:6)
  Natasha (thrice) (D:3)
  2 orc wizards
  14 gnolls
  An adder (D:4)
  A white imp (D:6)
  2 ufetubi (D:6)
  4 dart slugs
  3 ribbon worms (D:2)
  10 orcs
  7 ball pythons
  3 endoplasms
  2 giant cockroaches
  7 goblins
  5 hobgoblins
  3 kobolds
  4 quokkas (D:1)
84 creatures vanquished.

Grand Total: 113 creatures vanquished

Notes
Turn   | Place    | Note
-------+----------+-------------------------------------------
     0 | D:1      | Aldia the Felid Summoner began the quest for the Orb.
     0 | D:1      | Reached XP level 1. HP: 9/9 MP: 4/4
   185 | D:1      | Reached XP level 2. HP: 13/13 MP: 3/6
   188 | D:1      | Learned a level 2 spell: Call Imp
   741 | D:1      | Reached XP level 3. HP: 16/16 MP: 8/8
   745 | D:1      | Learned a level 3 spell: Call Canine Familiar
  1982 | D:2      | Reached XP level 4. HP: 21/21 MP: 4/9
  1982 | D:2      | Gained a life (2 lives remaining)
  1984 | D:2      | Reached skill level 5 in Summonings
  2324 | D:3      | Noticed Natasha
  2447 | D:3      | Found a hide-covered altar of Uskayaw.
  2617 | D:3      | Killed Natasha
  2651 | D:3      | Noticed Natasha
  2662 | D:3      | Killed Natasha
  2663 | D:3      | Reached XP level 5. HP: 24/24 MP: 5/11
  2675 | D:3      | Learned a level 4 spell: Summon Blazeheart Golem
  2742 | D:3      | Found a shadowy altar of Dithmenos.
  2857 | D:3      | Noticed Natasha
  2875 | D:3      | Killed Natasha
  2877 | D:3      | HP: 1/24 [orc priest/divine providence (11)]
  3015 | D:3      | Reached skill level 1 in Fire Magic
  3095 | D:3      | HP: 1/24 [orc priest/nerve-wracking pain (2)]
  3096 | D:3      | Mangled by an orc priest
  3096 | D:3      | Lost a life (1 life remaining)
  3151 | D:3      | Gained mutation: You are covered in thick fur. (AC +2)
                  | [Felid growth]
  3151 | D:3      | Reached XP level 6. HP: 28/28 MP: 10/13
  3504 | D:3      | Identified the +6 war axe of Viuff {protect, rElec Dex+2}
  3581 | D:4      | Found a broken altar of Ashenzari.
  3604 | D:4      | You fall into a shaft and drop 2 floors!
  3623 | D:5      | Entered Level 5 of the Dungeon
  3663 | D:5      | Found a white marble altar of Elyvilon.
  3663 | D:5      | Found an ornate altar of the Wu Jian Council.
  3756 | D:5      | Found an ancient bone altar of Kikubaaqudgha.
  3769 | D:5      | Became a worshipper of Kikubaaqudgha
  3796 | D:4      | Reached skill level 6 in Summonings
  4040 | D:4      | Reached XP level 7. HP: 32/32 MP: 6/15
  4040 | D:4      | Gained a life (2 lives remaining)
  4572 | D:4      | Learned a level 4 spell: Summon Lightning Spire
  4713 | D:5      | Reached skill level 5 in Spellcasting
  5119 | D:5      | Reached skill level 1 in Fighting
  5908 | D:6      | Found a burning altar of Makhleb.
  5922 | D:6      | Reached skill level 1 in Evocations
  6009 | D:6      | Found a sacrificial altar of Ru.
  6054 | D:6      | Found a staircase to the Ecumenical Temple.
  6067 | Temple   | Entered the Ecumenical Temple
  6088 | D:6      | Reached XP level 8. HP: 15/39 MP: 5/17
  6231 | D:6      | Reached * piety under Kikubaaqudgha
  6231 | D:6      | Received a gift from Kikubaaqudgha
  6232 | D:6      | Reached skill level 7 in Summonings
  6237 | D:6      | Learned a level 4 spell: Animate Dead
  6359 | D:6      | Slain by a killer bee
  6359 | D:6      | Lost a life (1 life remaining)
  6405 | D:6      | Succumbed to a kobold brigand's curare-tipped dart
  6405 | D:6      | Lost a life (0 lives remaining)
  6416 | D:6      | Found a hazy altar of Hepliaklqana.
  6427 | D:6      | Asphyxiated

Illustrated notes

Levels and vault maps discovered:
D:1:      dpeg_arrival_three_same_balls, layout_basic, serial_rivers,
          chequers_serial_rivers_micro_c, chequers_serial_rivers_room_a,
          chequers_serial_rivers_micro_a, chequers_serial_rivers_room_b,
          chequers_serial_rivers_micro_b, chequers_serial_rivers_room_b,
          st_stairs_9, nicolae_kite_square_tiling_tiny, hangedman_decor_growths
D:2:      layout_loops_ring
D:3:      layout_loops_ring, nicolae_dithmenos_shadow_blocks,
          lemuel_crystal_altar, minmay_stone_trees_small, nicolae_grassy_gnolls,
          uniq_natasha
D:4:      layout_loops_ring, nicolae_ashenzari_skybound, chequers_jeans
D:5:      layout_layer_cave, mainiacjoe_overflow_tiny_flanked,
          gammafunk_temple_overflow_elements
D:6:      layout_basic, nzn_hepliaklqana_mist_gate,
          nicolae_ru_sacrificial_ziggurat, makhleb_grotto_becter, led_sif_book,
          temple_fountains, minmay_microvault, uniq_edmund
Temple:   chequers_temple_sunken

Skill      XL: |  1  2  3  4  5  6  7  8 |
---------------+-------------------------+-----
Spellcasting   | 3 4 5 |  5.5
Summonings     | 5 6 7 |  7.0
Fire Magic     | 1 2 3 |  3.7
Fighting       | 1 2 |  2.4
Evocations     | 1 2 |  2.4
Dodging        | |  2.6
Stealth        | |  2.6
Necromancy     | |  0.1
Air Magic      | |  0.7

Action                     |  1- 3 |  4- 6 |  7- 9 || total
---------------------------+-------+-------+-------++-------
  Melee: Unarmed           |    40 |    61 |    26 ||   127
         Bite              |     5 |     6 |     4 ||    15
         Punch             |     1 |       |       ||     1
   Cast: Summon Small Mamm |    24 |    12 |    15 ||    51
         Call Imp          |    14 |    15 |    16 ||    45
         Call Canine Famil |     5 |    15 |    18 ||    38
    Use: Scroll            |       |     9 |     4 ||    13
         Potion            |       |       |     2 ||     2
   Stab: Sleeping          |     4 |     4 |     1 ||     9
         Distracted        |       |     1 |     2 ||     3
 Armour: Skin              |    21 |    23 |    42 ||    86
  Dodge: Dodged            |    36 |    50 |    59 ||   145

Table legend: (Time is in decaauts)
 A = Elapsed time spent in this place.
 B = Non-inter-level travel time spent in this place.
 C = Inter-level travel time spent in this place.
 D = Time resting spent in this place.
 E = Time spent auto-exploring this place.
 F = Levels seen in this place.
 G = Mean time per level.
                   A        B        C        D        E       F      G
               +--------+--------+--------+--------+--------+-----+--------+
         Total |   6439 |   6210 |    229 |    145 |   4709 |   7 |  919.9 |
       Dungeon |   6437 |   6208 |    229 |    145 |   4709 |   6 | 1072.8 |
        Temple |      1 |      1 |      0 |      0 |      0 |   1 |    1.0 |
               +--------+--------+--------+--------+--------+-----+--------+

Top non-repeatable levels by time:
     D:1: 1458 daAuts
     D:5: 1283 daAuts
     D:2: 1060 daAuts
     D:3: 1036 daAuts
     D:4: 950 daAuts
     D:6: 648 daAuts
  Temple: 1 daAuts
